 Dungeon Crawl Stone Soup version 0.27.1-33-g824d729ab1 (webtiles) character file.

Game seed: 3466354286410314569

64 bearlyready the Grave Robber (level 3, 0/26 HPs)
             Began as a Demonspawn Necromancer on Nov 24, 2021.
             Slain by a jackal (2 damage)
             ... on level 3 of the Dungeon.
             The game lasted 00:04:08 (4660 turns).

bearlyready the Grave Robber (DsNe)                 Turns: 4660, Time: 00:04:09

Health: 0/26       AC:  2    Str:  8    XL:     3   Next: 91%
Magic:  6/6        EV: 12    Int: 17    God:
Gold:   141        SH:  0    Dex: 13    Spells: 4/6 levels left

rFire    . . .     SeeInvis .   d - +0 dagger
rCold    . . .     Faith    .   (no shield)
rNeg     . . .     Spirit   .   a - +0 robe
rPois    .         Reflect  .   (no helmet)
rElec    .         Harm     .   (no cloak)
rCorr    .         Rampage  .   (no gloves)
Will     .....                  (no boots)
Stlth    ++........             (no amulet)
HPRegen  0.08/turn              (no ring)
MPRegen  0.10/turn              (no ring)

@: brilliant, lethally poisoned (0 -> -3)
A: demonic magic 1
a: no special abilities


You were on level 3 of the Dungeon.
You visited 1 branch of the dungeon, and saw 3 of its levels.

You collected 141 gold pieces.

Inventory:

Hand Weapons
 d - a +0 dagger (weapon)
 i - a +0 long sword
 n - a +0 rapier
Armour
 a - a +0 robe (worn)
 b - a +0 tower shield
 j - a +0 scale mail
Scrolls
 m - 2 scrolls of teleportation {unknown}
 o - a scroll of acquirement {unknown}
 p - a scroll of identify {unknown}
 q - a scroll of silence {unknown}
Potions
 c - a potion of resistance {unknown}
 e - a potion of curing {unknown}
 f - a potion of brilliance
 g - a potion of berserk rage {unknown}
 h - 2 potions of lignification {unknown}
 k - a potion of heal wounds {unknown}
 l - 2 potions of might {unknown}


   Skills:
 + Level 1.4 Fighting
 - Level 1.7 Dodging
 - Level 1.7 Stealth
 - Level 2.0 Spellcasting
 + Level 5.8 Necromancy


You had 4 spell levels left.
You knew the following spells:

 Your Spells              Type           Power      Damage    Failure   Level
a - Pain                  Necr           100%       1d9       1%          1
b - Animate Skeleton      Necr           64%        N/A       1%          1

Your spell library contained the following spells:

 Spells                   Type           Power      Damage    Failure   Level
 Vampiric Draining        Necr           16%        2d8       5%          3
 Animate Dead             Necr           16%        N/A       19%         4
 Ignite Poison            Fire/Tmut/Pois 2%         N/A       50%         3
 Mephitic Cloud           Conj/Pois/Air  2%         N/A       50%         3
 Leda's Liquefaction      Hex/Erth       1%         N/A       88%         4
 Agony                    Necr           32%        N/A       45%         5
 Bolt of Magma            Conj/Fire/Erth 1%         4d4       99%         5
 Statue Form              Tmut/Erth      1%         N/A       100%        6


Dungeon Overview and Level Annotations

Branches:
Dungeon (3/15)

Altars:
Okawaru


Innate Abilities, Weirdness & Mutations

Spells you cast may paralyse adjacent enemies.


Message History

An orc comes into view. It is wielding a +2 dagger of venom.
Found a scroll labelled JIUTYD QIHA.
Found a stone staircase leading down.
An orc is nearby!
An orc is nearby!
An orc is nearby!
An orc comes into view. It is wielding a +0 dagger.
Found 10 gold pieces.
The orc shouts! x2
An orc comes into view. It is wielding a +0 short sword.
An orc comes into view.
It is wielding a +2 short sword of holy wrath.
An orc comes into view. It is wielding a +0 flail.
An orc comes into view. It is wielding a +0 falchion.
A jackal, a worm and an orc priest come into view.
The orc priest is wielding a +0 flail and wearing a +0 leather armour of cold resistance.
The orc priest shouts!
The jackal barks! x2; The orc shouts! x2
You closely miss the orc.
A bat comes into view.
The orc hits you with a +2 dagger of venom.
You are poisoned.
You barely miss the orc.
You feel sick.
The orc hits you with a +2 dagger of venom.
You are more poisoned.
You feel very sick. The jackal bites you.
You feel sick. The bat closely misses you.
You feel sick. The jackal bites you.
* * * LOW HITPOINT WARNING * * *
You feel sick.
The orc shouts!
The jackal misses you.
The orc priest looks satisfied for a moment.
You feel sick. The jackal bites you.
* * * LOW HITPOINT WARNING * * *
* * * LOW HITPOINT WARNING * * *
You feel sick.
It was a potion of brilliance.
You feel clever all of a sudden.
* * * LOW HITPOINT WARNING * * *
You feel sick. The jackal bites you.
You die...

........# #.#.....#
........# #.......#
........######.#....♣#
..######.......#.....#
..# #.......#.....###
..# #.......#....##.#
..# #.......#.####..#
..# #.......#.#..#..#
### #.......#@##.#..#
# #.....(.#.h.o...#
######
############o#o##
.....# ###ooh# .....#
#.....# .....#
#....>....... .....#
#......h..... .....#
#$.w.?.......
.....####
#............


You could see 4 orcs and 3 jackals.

Vanquished Creatures
  3 worms
  A dart slug (D:3)
  An orc (D:3)
  6 ball pythons
  6 endoplasms
  A giant cockroach (D:1)
  6 goblins
  4 hobgoblins
  A jackal (D:3)
  2 quokkas
  6 bats
  6 frilled lizards
  4 kobolds
  2 rats
49 creatures vanquished.

Notes
Turn   | Place    | Note
-------+----------+-------------------------------------------
     0 | D:1      | bearlyready the Demonspawn Necromancer began the quest for
                  | the Orb.
     0 | D:1      | Reached XP level 1. HP: 13/13 MP: 3/3
  1033 | D:1      | Gained mutation: Spells you cast may paralyse adjacent
                  | enemies. [demonic ancestry]
  1033 | D:1      | Reached XP level 2. HP: 15/19 MP: 0/5
  1175 | D:1      | Reached skill level 5 in Necromancy
  1754 | D:1      | Found a faded altar of an unknown god.
  2381 | D:2      | Found an iron altar of Okawaru.
  2501 | D:2      | Learned a level 1 spell: Animate Skeleton
  2567 | D:2      | Reached XP level 3. HP: 17/24 MP: 6/6
  3740 | D:3      | Reached skill level 1 in Fighting
  4660 | D:3      | Slain by a jackal

Illustrated notes

Levels and vault maps discovered:
D:1:      nagdon_arrival_double_spiral, layout_loops_corners,
          shapermc_ecumenical_altar_notcrosses,
          hangedman_abyss_or_decor_lesser_grid
D:2:      layout_loops_ring, basic_altar
D:3:      layout_basic, grunt_dithmenos_smoke_and_mirrors, kennysheep_nub

Skill      XL: |  1  2  3 |
---------------+----------+-----
Necromancy     | 5 |  5.8
Fighting       | 1 |  1.4
Dodging        | |  1.7
Stealth        | |  1.7
Spellcasting   | |  2.0

Action                   || total
-------------------------++-------
Melee: Unarmed           ||    11
       Dagger            ||   142
 Cast: Pain              ||    47
  Use: Potion            ||     1
 Stab: Sleeping          ||     9
       Paralysed         ||     4
Armor: Robe              ||    28
Dodge: Dodged            ||   115
